 Dungeon Crawl Stone Soup version 0.30-a0-283-gf371ce1921 (webtiles) character file.

Game seed: 3590994850423362095

356 AarnesTheHuman the Shield-Bearer (level 6, 47/47 HPs)
             Began as a Formicid Fighter on Oct 16, 2022.
             Got out of the dungeon alive.
             The game lasted 00:03:32 (2980 turns).

AarnesTheHuman the Shield-Bearer (Formicid Fighter) Turns: 2980, Time: 00:03:33

Health: 47/47      AC:  6    Str: 22    XL:     6   Next: 96%
Magic:  6/6        EV:  9    Int:  8    God:
Gold:   154        SH:  5    Dex: 13    Spells: 5/5 levels left

rFire   . . .      SeeInvis +    a - +0 quarterstaff
rCold   . . .      Faith    .    c - +0 buckler
rNeg    . . .      Spirit   .    b - +0 scale mail
rPois   .          Reflect  .    (helmet unavailable)
rElec   .          Harm     .    (no cloak)
rCorr   .          Rampage  .    (no gloves)
Will    .....                    (no boots)
Stlth   ..........               (no amulet)
HPRegen 0.27/turn                (no ring)
MPRegen 0.10/turn                (no ring)

@: no status effects
A: permanent stasis, dig shafts and tunnels, antennae 3, four strong arms
a: Dig, Shaft Self


You escaped.
You visited 1 branch of the dungeon, and saw 5 of its levels.

You collected 154 gold pieces.

Inventory:

Hand Weapons
 a - a +0 quarterstaff (weapon)
Missiles
 k - 19 stones
 m - 6 poisoned darts
Armour
 b - a +0 scale mail (worn)
 c - a +0 buckler (worn)
Magical Staves
 g - a staff of earth
Wands
 d - a wand of quicksilver (13)
Scrolls
 e - a scroll of fear
 f - a scroll of torment {unknown}
 h - 4 scrolls of identify
 s - 4 scrolls of amnesia {unknown}
Potions
 i - 2 potions of curing
 j - a potion of haste {unknown}
 l - a potion of invisibility {unknown}
 n - a potion of heal wounds {unknown}
 o - a potion of mutation {unknown}
 p - a potion of degeneration {unknown}
 q - a potion of attraction {unknown}
 r - a potion of brilliance {unknown}
 t - a potion of flight {unknown}
 u - a potion of cancellation {unknown}
 v - a potion of berserk rage {unknown}


   Skills:
 - Level 3.2 Fighting
 + Level 5.2 Staves
 - Level 3.2 Armour
 - Level 7.0 Shields


You had 5 spell levels left.
You didn't know any spells.
Your spell library contained the following spells:

 Spells                   Type           Power      Damage    Failure   Level
 Apportation              Tloc           0%         N/A       80%         1
 Momentum Strike          Conj/Tloc      0%         3d8       90%         2
 Lesser Beckoning         Tloc           0%         N/A       99%         3
 Alistair's Intoxication  Tmut/Pois      0%         N/A       100%        5
 Blink                    Tloc           Unusable   N/A       N/A         2

Dungeon Overview and Level Annotations

Branches:
Dungeon (5/15)
 Temple: D:4-7

Altars:
Cheibriados
Elyvilon
Hepliaklqana
Okawaru


Innate Abilities, Weirdness & Mutations

You cannot be hasted, slowed, berserked, paralysed or teleported.
You can dig through walls and to a lower floor.
You have a pair of large antennae on your head. (SInv)
Your four strong arms can wield two-handed weapons with a shield.


Message History

Things that are here:
a +2 hand axe of flaming; a +0 ring mail You open the door.
There is an open door here.
v - a viscous orange potion
Found an iron altar of Okawaru.
An endoplasm comes into view.
The endoplasm quivers.
An endoplasm is nearby!
An endoplasm is nearby!
The endoplasm barely misses you.
You hit the endoplasm.
You kill the endoplasm!
No target in view!
There is an open door here.
There is an open door here.
Done exploring.
Done exploring.
Done exploring.
Done exploring.
Done exploring.
Saving game... please wait.
Welcome back, AarnesTheHuman the Formicid Fighter.
Press ? for a list of commands and other information.
Unknown command.
There is an open door here.
Things that are here:
a +0 chain mail; a +0 dagger
There is a stone staircase leading up, spattered with blood here.
You climb upwards.
There is a stone staircase leading down here.
There is a stone staircase leading up, spattered with blood here.
You climb upwards.
There is a stone staircase leading down, spattered with blood here.
You see here a +0 club.
Items here: ))) [[ ÷.
You see here a +0 short sword.
There is a staircase leading out of the dungeon here.
Are you sure you want to leave the Dungeon?
This will make you lose the game!
You have escaped!

#.......#.....#.##.#.
####.##.#.....#......
#.##.#.....####.## #..........#
#># ##### ###.##.....# #.# ....##
#.####.### #.# .....## #.## #.#
#.## #.###.## ######..###.####
#... ..#.#..#
##...@#....##...######
.#.⌠.#.#####...........###.......
..#.#.....#.....###.....##..####.
#.###.#####.....# #.....##....##.
.....#...#.....## ##.....#..#....
.....#.###..#..# #..#..#..####.
#)##.....#..#..# #..#..##......
.........#.....## ##.....########
#......####.....# #.....## ##


There were no monsters in sight!

Vanquished Creatures
  Grinder (D:4)
  An orc priest (D:3)
  Robin (D:1)
  2 adders
  A worm (D:4)
  9 orcs
  5 ball pythons
  3 bats
  6 endoplasms
  4 giant cockroaches
  15 goblins
  16 hobgoblins
  6 quokkas
  3 frilled lizards
  5 kobolds
  7 rats
85 creatures vanquished.

Notes
Turn   | Place    | Note
-------+----------+-------------------------------------------
     0 | D:1      | AarnesTheHuman the Formicid Fighter began the quest for the
                  | Orb.
     0 | D:1      | Reached XP level 1. HP: 18/18 MP: 1/1
    95 | D:1      | Reached XP level 2. HP: 24/24 MP: 2/2
   430 | D:1      | Reached XP level 3. HP: 29/29 MP: 3/3
   712 | D:2      | Noticed Robin
   816 | D:1      | Reached skill level 5 in Shields
   981 | D:1      | Reached XP level 4. HP: 14/35 MP: 4/4
  1074 | D:1      | Killed Robin
  1756 | D:3      | Reached XP level 5. HP: 12/41 MP: 5/5
  1764 | D:2      | Reached skill level 6 in Shields
  1992 | D:3      | You fall into a shaft and drop 2 floors!
  1992 | D:5      | Entered Level 5 of the Dungeon
  2081 | D:4      | Noticed Grinder
  2088 | D:4      | Killed Grinder
  2089 | D:4      | Reached skill level 5 in Staves
  2089 | D:4      | Reached skill level 7 in Shields
  2089 | D:4      | Reached XP level 6. HP: 42/47 MP: 6/6
  2526 | D:3      | Found a white marble altar of Elyvilon.
  2627 | D:3      | Found a hazy altar of Hepliaklqana.
  2627 | D:3      | Found a snail-covered altar of Cheibriados.
  2833 | D:3      | Found an iron altar of Okawaru.
  2866 | D:3      | Upgraded the game from 0.30-a0-279-g4b46babb21 to
                  | 0.30-a0-283-gf371ce1921
  2980 | D:$      | Got out of the dungeon alive.

Illustrated notes

Levels and vault maps discovered:
D:1:      minmay_arrival_loop, layout_loops_cross, minmay_misc_feat_encased,
          grunt_decor_one_mirror, corexii_corridor_pit
D:2:      cheibrodos_greedy_goblins, layout_basic, uniq_robin
D:3:      layout_basic, mainiacjoe_overflow_two_lobes,
          gammafunk_temple_overflow_elements
D:4:      layout_basic, minmay_shop_damaged, uniq_grinder, uniq_sigmund,
          uniq_pikel, uniq_menkaure
D:5:      layout_basic, serial_shops, shop, uniq_ijyb

Skill      XL: |  1  2  3  4  5 |
---------------+----------------+-----
Shields        | 5 7 |  7.0
Staves         | 3 5 |  5.2
Fighting       | |  3.2
Armour         | |  3.2

Action                   |  1- 3 |  4- 6 || total
-------------------------+-------+-------++-------
Melee: Quarterstaff      |    85 |   134 ||   219
  Use: Scroll            |       |     3 ||     3
       Potion            |       |     1 ||     1
Armor: Scale mail        |    49 |    50 ||    99
Dodge: Dodged            |    50 |    59 ||   109
Block: Buckler           |    24 |    29 ||    53

Table legend: (Time is in decaauts)
 A = Elapsed time spent in this place.
 B = Non-inter-level travel time spent in this place.
 C = Inter-level travel time spent in this place.
 D = Time resting spent in this place.
 E = Time spent auto-exploring this place.
 F = Levels seen in this place.
 G = Mean time per level.
                   A        B        C        D        E       F      G
               +--------+--------+--------+--------+--------+-----+--------+
         Total |   3020 |   2852 |    168 |    499 |   1797 |   5 |  604.0 |
       Dungeon |   3020 |   2852 |    168 |    499 |   1797 |   5 |  604.0 |
               +--------+--------+--------+--------+--------+-----+--------+

Top non-repeatable levels by time:
     D:1: 1228 daAuts
     D:3: 814 daAuts
     D:2: 751 daAuts
     D:4: 206 daAuts
     D:5: 18 daAuts
